 Dungeon Crawl Stone Soup version 0.29.1-1-gd02db6906a (webtiles) character file.

Game seed: 12256552427532044255

4741 groovy9 the Skirmisher (level 10, -2/67 HPs)
             Began as a Formicid Hunter on Sept 19, 2022.
             Was an Initiate of Hepliaklqana.
             Slain by a centaur warrior (7 damage)
             ... on level 8 of the Dungeon.
             The game lasted 00:27:22 (10179 turns).

groovy9 the Skirmisher (Formicid Hunter)           Turns: 10179, Time: 00:27:22

Health: -2/67      AC:  8    Str: 15    XL:     10   Next: 74%
Magic:  10/10      EV: 12    Int: 14    God:    Hepliaklqana [......]
Gold:   1378       SH:  0    Dex: 17    Spells: 9/9 levels left

rFire   . . .      SeeInvis +   b - +6 dagger "Xeolaic" {flame, *Noise Int+4 Dex-4 SInv}
rCold   . . .      Faith    .   n - orb {mayhem}
rNeg    . . .      Spirit   .   k - +3 leather armour
rPois   .          Reflect  .   (helmet unavailable)
rElec   .          Harm     .   r - scarf {shadows}
rCorr   .          Rampage  .   q - +0 pair of gloves
Will    +....                   m - +0 pair of boots
Stlth   +++.......              (no amulet)
HPRegen 0.21/turn               (no ring)
MPRegen 0.12/turn               (no ring)

@: invisible
A: permanent stasis, dig shafts and tunnels, antennae 3, four strong arms
a: Dig, Shaft Self, Renounce Religion


You were on level 8 of the Dungeon.
You worshipped Hepliaklqana.
Hepliaklqana was noncommittal.
You visited 2 branches of the dungeon, and saw 10 of its levels.
You also visited: Ossuary and Bailey.

You collected 1378 gold pieces.

Inventory:

Hand Weapons
 a - a +0 shortbow of electrocution
 b - the +6 dagger "Xeolaic" (weapon) {flame, *Noise Int+4 Dex-4 SInv}
   (You took it off a kobold on level 2 of the Dungeon)

   It burns those it strikes, dealing additional fire damage.
   Int:       It affects your intelligence (+4).
   Dex:       It affects your dexterity (-4).
   SInv:      It lets you see invisible.
   *Noise:    It may make noises in combat.
Armour
 k - a +3 leather armour (worn)
 m - a +0 pair of boots (worn)
 n - an orb of mayhem (worn)
 q - a +0 pair of gloves (worn)
 r - a scarf of shadows (worn)
Wands
 x - a wand of mindburst (16)
Scrolls
 h - 2 scrolls of immolation
 i - a scroll of noise
 t - 2 scrolls of enchant weapon {unknown}
 y - a scroll of poison {unknown}
 z - 2 scrolls of silence {unknown}
 A - 2 scrolls of fog {unknown}
Potions
 c - a potion of curing
 d - a potion of cancellation
 e - 2 potions of brilliance
 f - a potion of flight
 g - 3 potions of attraction
 j - a potion of mutation
 o - a potion of lignification {unknown}
 p - a potion of ambrosia {unknown}
 u - a potion of heal wounds
 v - a potion of invisibility
 w - a potion of magic {unknown}
Miscellaneous
 s - a piece from Xom's chessboard (15/15)


   Skills:
 - Level 2.1 Fighting
 + Level 7.6 Short Blades
 * Level 12.6 Ranged Weapons
 - Level 1.7 Dodging
 + Level 6.5 Stealth


You had 9 spell levels left.
You didn't know any spells.
Your spell library contained the following spells:

 Spells                   Type           Power      Damage    Failure   Level
 Foxfire                  Conj/Fire      0%         2x1d4     34%         1
 Call Canine Familiar     Summ           0%         N/A       71%         3
 Confusing Touch          Hex            0%         N/A       71%         3
 Conjure Flame            Conj/Fire      0%         6-21      71%         3
 Inner Flame              Hex/Fire       0%         N/A       71%         3
 Portal Projectile        Hex/Tloc       0%         N/A       71%         3
 Anguish                  Hex/Necr       0%         N/A       98%         4
 Flame Wave               Conj/Fire      0%         2d4       98%         4
 Leda's Liquefaction      Hex/Erth       0%         N/A       98%         4
 Yara's Violent Unravell  Hex/Tmut       0%         3d3       100%        5
 Enfeeble                 Hex            0%         N/A       100%        7


Dungeon Overview and Level Annotations

Branches:
Dungeon (9/15)             Temple (1/1) D:7         Ossuary (visited)
 Bailey (visited)
   Lair: D:8-11         Orc: D:9-12

Altars:
Ashenzari
Cheibriados
Dithmenos
Elyvilon
Fedhas
Gozag
Hepliaklqana
Kikubaaqudgha
Nemelex Xobeh
Okawaru
Qazlal
Ru
Sif Muna
Trog
Vehumet
Wu Jian
Xom
Yredelemnul
The Shining One


Innate Abilities, Weirdness & Mutations

You cannot be hasted, slowed, berserked, paralysed or teleported.
You can dig through walls and to a lower floor.
You have a pair of large antennae on your head. (SInv)
Your four strong arms can wield two-handed weapons with a shield.


Message History

The troll bites you. The troll misses you. The troll claws you.
Fire: a) +0 shortbow (elec)
Press: ? - help, Q - select action, (/) - cycle Shift-Dir - straight line, f/p - troll
Aim: a troll (almost dead, 69% to hit)
You shoot an arrow. The arrow hits the troll.
Lightning courses through the troll!!
You kill the troll!
The troll leather armour is intact enough to wear.
Your life force feels restored.
You feel much better.
You fade into invisibility!
The centaur warrior unwields a +0 shortbow.
The centaur warrior hits you!
The centaur warrior completely misses you.
The centaur warrior hits you but does no damage.
The centaur warrior kicks you but does no damage.
Fire: a) +0 shortbow (elec)
Press: ? - help, Q - select action, (/) - cycle Shift-Dir - straight line, f - centaur warrior
Aim: a centaur warrior, quivering stones (fast, strong, frenzied and insane, unable to see you, 75% to hit)
You shoot an arrow. The arrow hits the centaur warrior.
Lightning courses through the centaur warrior!
The centaur warrior is lightly wounded.
The centaur warrior hits you!!
The centaur warrior kicks you but does no damage.
The centaur warrior misses you.
The centaur warrior kicks you but does no damage.
Your +0 shortbow of electrocution stops crackling.
You feel clever.
You feel clumsy.
The +6 dagger "Xeolaic" {flame, *Noise Int+4 Dex-4 SInv} bursts into flame!
b - the +6 dagger "Xeolaic" (weapon)
{flame, *Noise Int+4 Dex-4 SInv} The centaur warrior hits you!!
* * * LOW HITPOINT WARNING * * *
The centaur warrior kicks you but does no damage.
Okay, then.
You can't see any enemies this would affect, really read the scroll of fear?
As you read the scroll of fear, it crumbles to dust.
You assume a fearsome visage.
The centaur warrior is unaffected.
The centaur warrior hits you!
You die...

#...# #.##.##.# #
#...# #.......###
...######...########
####.##....
..............)....#
#..........
..................#
#.##.......
#o........).)....#
#.##.##....
...#..##....#†###.##
#.#..##.>..
#.z.#.#.....#.c##.#
#.#..##.###
.{#...#...{#)#@#.#
#.#..##.#
#c§.##....#.###.#
#.......#
....§§##....#c# #.#
###..######
#.D.#.........#
#.######.......(
.§F#..###...###
#..........####. .D#
.. #...#
######.#......#. ..
#..{#....#
##.#..##... #.#...#
##.#.####. #.##.##
###.####.


You could see a neutral centaur warrior (fast, strong, insane, unable to see
you).

Vanquished Creatures
  A troll (D:8)
  A hornet (D:8)
  A wyvern (D:8)
  Grum (D:9)
  A steam dragon (D:8)
  A water moccasin (D:7)
  3 ice beasts
  A sky beast (D:7)
  5 orc warriors
  4 ogres
  A wolf (D:9)
  A centaur (D:8)
  2 phantoms
  4 bullfrogs
  4 necrophages
  3 scorpions
  8 wights
  A howler monkey (D:6)
  5 human zombies (Ossuary)
  A gnoll bouda (D:7)
  A hound (D:7)
  5 jellies
  An orc priest (D:8)
  4 iguanas
  3 orc wizards (D:7)
  3 mummies
  8 gnolls
  11 adders
  2 shadow imps (D:6)
  A white imp (D:6)
  2 ufetubi
  3 adder zombies (Ossuary)
  3 worms
  3 dart slugs
  22 orcs
  6 endoplasms
  8 giant cockroaches
  20 goblins
  13 hobgoblins
  A quokka (D:2)
  6 ball pythons
  8 bats
  5 frilled lizards
  A goblin zombie (Ossuary)
  8 hobgoblin zombies (Ossuary)
  2 jackal zombies (Ossuary)
  18 kobolds
  9 kobold zombies (Ossuary)
  7 orc zombies (Ossuary)
  2 rats
  2 rat zombies (Ossuary)
237 creatures vanquished.

Vanquished Creatures (collateral kills)
  A wolf (D:9)
  2 wights (D:8)
3 creatures vanquished.

Vanquished Creatures (others)
  15 plants
15 creatures vanquished.

Grand Total: 255 creatures vanquished

Notes
Turn   | Place    | Note
-------+----------+-------------------------------------------
     0 | D:1      | groovy9 the Formicid Hunter began the quest for the Orb.
     0 | D:1      | Reached XP level 1. HP: 16/16 MP: 1/1
    99 | D:1      | Reached XP level 2. HP: 22/22 MP: 2/2
   331 | D:1      | Reached XP level 3. HP: 27/27 MP: 3/3
   711 | D:2      | Reached skill level 5 in Ranged Weapons
  1014 | D:2      | Reached XP level 4. HP: 33/33 MP: 4/4
  1402 | D:2      | Identified the +6 dagger "Xeolaic" {flame, *Noise Int+4
                  | Dex-4 SInv}
  1654 | D:3      | Reached XP level 5. HP: 38/38 MP: 5/5
  1667 | D:3      | Reached skill level 6 in Ranged Weapons
  2914 | D:4      | Reached XP level 6. HP: 42/42 MP: 6/6
  2953 | D:4      | Reached skill level 1 in Short Blades
  2953 | D:4      | Reached skill level 7 in Ranged Weapons
  3099 | D:4      | Identified a scroll of acquirement
  3099 | D:4      | Acquired 826 gold pieces
  3610 | D:4      | Reached XP level 7. HP: 50/50 MP: 7/7
  3835 | D:5      | Entered Level 5 of the Dungeon
  4132 | D:5      | Reached skill level 8 in Ranged Weapons
  4281 | D:5      | Found a sand-covered staircase.
  4291 | Ossuary  | Entered an ossuary
  4564 | Ossuary  | Reached XP level 8. HP: 21/56 MP: 8/8
  5043 | D:5      | Reached skill level 9 in Ranged Weapons
  5601 | D:6      | Found a shimmering altar of Xom.
  5800 | D:6      | Reached skill level 5 in Short Blades
  5865 | D:6      | Reached XP level 9. HP: 61/61 MP: 9/9
  5917 | D:6      | Reached skill level 10 in Ranged Weapons
  6873 | D:7      | Found a staircase to the Ecumenical Temple.
  6937 | D:7      | Found a flagged portal.
  6962 | Bailey   | Entered a bailey
  6977 | Bailey   | Noticed an orc warlord
  7072 | Bailey   | Reached skill level 11 in Ranged Weapons
  7571 | Bailey   | Found a runed translucent gate.
  7572 | Bailey   | Found a runed translucent gate.
  7573 | Bailey   | Found a runed translucent gate.
  8155 | D:7      | Reached XP level 10. HP: 67/67 MP: 10/10
  8260 | Temple   | Entered the Ecumenical Temple
  8429 | Temple   | Became a worshipper of Hepliaklqana the Forgotten
  9010 | D:8      | Reached skill level 5 in Stealth
  9432 | D:8      | Noticed a centaur warrior
  9435 | D:8      | You fall into a shaft and drop 1 floor!
  9725 | D:9      | Reached skill level 12 in Ranged Weapons
  9780 | D:9      | Noticed Grum
  9784 | D:9      | Killed Grum
 10179 | D:8      | Slain by a centaur warrior

Illustrated notes

Levels and vault maps discovered:
D:1:      roderic_crop_circles_arrival_small, layout_rooms
D:2:      layout_basic, grunt_ministairs_10
D:3:      minmay_diamond_boxcup, layout_loops_ring,
          amcnicky_mini_corridor_feature
D:4:      minmay_spotlight, layout_basic
D:5:      layout_loops_ring, gup_ossuary_entry_pyramid
D:6:      layout_gridville, xom_butterflies
D:7:      layout_loops_corners, minmay_temple_entry_overgrown, enter_bailey_4
D:8:      cheibrodos_fzero, layout_loops_cross, david_lair_shrubbed,
          minmay_tree_intersection
D:9:      layout_basic, uniq_grum
Temple:   eino_narrow_crystal_temple

Skill      XL: |  1  2  3  4  5  6  7  8  9 10 |
---------------+-------------------------------+-----
Ranged Weapons | 5 6 7 8 9 11 12 | 12.6
Short Blades   | 2 3 5 6 7 |  7.6
Stealth        | 4 6 |  6.5
Fighting       | |  2.1
Dodging        | |  1.7

Action                   |  1- 3 |  4- 6 |  7- 9 | 10-12 || total
-------------------------+-------+-------+-------+-------++-------
Melee: Dagger            |       |    31 |   188 |    24 ||   243
       Punch             |       |       |     3 |       ||     3
 Fire: Shortbow          |    75 |   143 |   326 |   103 ||   647
 Abil: Dig               |     2 |     3 |     1 |     4 ||    10
       Shaft Self        |       |       |       |     1 ||     1
  Use: Scroll            |     2 |     5 |     9 |     3 ||    19
       Potion            |       |     3 |     5 |     4 ||    12
Armor: Leather armour    |    10 |    17 |    71 |    21 ||   119
Dodge: Dodged            |    14 |    53 |   125 |    35 ||   227
